 Dungeon Crawl Stone Soup version 0.29-a0-341-g24ffce5b50 (webtiles) character file.

Game seed: 4335949819499614472

82628 diecastcamel the Severer (level 16, 0/130 HPs)
             Began as a Human Fighter on Apr 8, 2022.
             Was the Champion of the Shining One.
             Killed from afar by a shock serpent (18 damage)
             ... with a bolt of electricity
             ... on level 1 of the Snake Pit on Apr 20, 2022.
             The game lasted 02:57:49 (32784 turns).

diecastcamel the Severer (Human Fighter)           Turns: 32784, Time: 02:57:49

Health: 0/130      AC: 32    Str: 29    XL:     16   Next: 21%
Magic:  15/16      EV: 13    Int:  7    God:    the Shining One [******]
Gold:   793        SH: 21    Dex: 20    Spells: 15/15 levels left

rFire   + . .      SeeInvis .   a - +5 broad axe (flame)
rCold   + . .      Faith    .   S - +0 tower shield
rNeg    + + +      Spirit   .   w - +3 plate armour {rF+}
rPois   +          Reflect  +   G - +2 helmet
rElec   .          Harm     .   K - +1 cloak {rPois}
rCorr   .          Rampage  .   v - +0 pair of gloves
Will    +....                   O - +2 pair of boots of Pragmatism {Dex+3}
Stlth   ..........              o - amulet of reflection
HPRegen 0.31/turn               L - ring of the Octopus King {rC+ AC+1 EV+1 Str+1 Int+1 Dex+1}
MPRegen 0.15/turn               c - +6 ring of strength

@: hasted, glowing, studying Armour, very quick
A: dopey 1
a: Renounce Religion, Divine Shield, Cleansing Flame, Summon Divine Warrior,
Brand Weapon With Holy Wrath


You were on level 1 of the Snake Pit.
You worshipped the Shining One.
The Shining One was exalted by your worship.
You visited 5 branches of the dungeon, and saw 21 of its levels.
You also visited: Ossuary.

You collected 1852 gold pieces.
You spent 1059 gold pieces at shops.

Inventory:

Hand Weapons
 a - a +5 broad axe of flaming (weapon)
Missiles
 g - 18 boomerangs (quivered)
 m - 11 poisoned darts
Armour
 v - a +0 pair of gloves (worn)
 w - a +3 plate armour of fire resistance (worn)
 G - a +2 helmet (worn)
 K - a +1 cloak of poison resistance (worn)
 O - the +2 pair of boots of Pragmatism (worn) {Dex+3}
   (You found it on level 10 of the Dungeon)

   Dex:       It affects your dexterity (+3).
 S - a +0 tower shield (worn)
Jewellery
 c - a +6 ring of strength (right hand)
 d - a ring of resist corrosion
 o - an amulet of reflection (around neck)
 J - an amulet of faith
 L - a ring of the Octopus King (left hand) {rC+ AC+1 EV+1 Str+1 Int+1 Dex+1}
   (You found it on level 3 of the Lair of Beasts)

   [ring of protection from cold]

   AC:        It affects your AC (+1).
   EV:        It affects your evasion (+1).
   Str:       It affects your strength (+1).
   Int:       It affects your intelligence (+1).
   Dex:       It affects your dexterity (+1).
   rC:        It protects you from cold.
 T - an amulet of guardian spirit
Wands
 f - a wand of iceblast (25)
 j - a wand of charming (15)
 s - a wand of flame (79)
 y - a wand of mindburst (4)
 A - a wand of acid (2)
 D - a wand of digging (4)
 I - a wand of paralysis (7)
Scrolls
 h - 5 scrolls of teleportation
 l - 2 scrolls of fear
 q - 5 scrolls of enchant armour
 r - 4 scrolls of fog
 t - 2 scrolls of summoning
 B - a scroll of blinking
 H - 3 scrolls of holy word
 V - 2 scrolls of immolation
Potions
 b - 3 potions of cancellation
 e - 3 potions of haste
 i - 3 potions of berserk rage
 k - 8 potions of flight
 n - 9 potions of curing
 p - a potion of heal wounds
 u - 10 potions of ambrosia
 x - a potion of resistance
 z - 5 potions of mutation
 C - 2 potions of brilliance {unknown}
 E - 6 potions of lignification
 N - 2 potions of invisibility {unknown}
Miscellaneous
 P - a tin of tremorstones (inert)
 R - a phantom mirror
 U - a box of beasts


   Skills:
 - Level 13.0 Fighting
 - Level 15.3 Axes
 - Level 14.3 Armour
 - Level 11.9 Dodging
 * Level 6.6 Shields
 - Level 7.9 Evocations


You had 15 spell levels left.
You didn't know any spells.
Your spell library contained the following spells:

 Spells                   Type           Power      Damage    Failure   Level
 Apportation              Tloc           0%         N/A       100%        1
 Shock                    Conj/Air       0%         1d3       100%        1
 Scorch                   Fire           0%         2d5       100%        2
 Static Discharge         Conj/Air       0%         N/A       100%        2
 Sublimation of Blood     Necr           0%         N/A       100%        2
 Wereblood                Tmut           0%         N/A       100%        2
 Conjure Flame            Conj/Fire      0%         6-21      100%        3
 Dazzling Flash           Conj/Hex       0%         N/A       100%        3
 Gell's Gravitas          Tloc           0%         N/A       100%        3
 Ignite Poison            Fire/Tmut/Pois 0%         N/A       100%        3
 Inner Flame              Hex/Fire       0%         N/A       100%        3
 Lesser Beckoning         Tloc           0%         N/A       100%        3
 Mephitic Cloud           Conj/Pois/Air  0%         N/A       100%        3
 Swiftness                Air            0%         N/A       100%        3
 Teleport Other           Tloc           0%         N/A       100%        3
 Airstrike                Air            0%         N/A       100%        4
 Cause Fear               Hex            0%         N/A       100%        4
 Dispel Undead            Necr           0%         3d6       100%        4
 Iskenderun's Mystic Bla  Conj/Tloc      0%         2d3       100%        4
 Sticky Flame             Conj/Fire      0%         2d3       100%        4
 Alistair's Intoxication  Tmut/Pois      0%         N/A       100%        5
 Fireball                 Conj/Fire      0%         3d3       100%        5
 Freezing Cloud           Conj/Ice/Air   0%         6-21      100%        5
 Starburst                Conj/Fire      0%         6d3       100%        6
 Dragon Form              Tmut           0%         N/A       100%        7
 Summon Hydra             Summ           0%         N/A       100%        7
 Dragon's Call            Summ           0%         N/A       100%        9


Dungeon Overview and Level Annotations

Branches:
Dungeon (11/15)            Temple (1/1) D:4            Lair (6/6) D:11
 Shoals (0/4) Lair:2        Snake (1/4) Lair:4        Slime (0/5) Lair:5
    Orc (2/2) D:9             Elf (0/3) Orc:2       Ossuary (visited)

Altars:
Ashenzari
Cheibriados
Dithmenos
Elyvilon
Fedhas
Gozag
Hepliaklqana
Kikubaaqudgha
Makhleb
Nemelex Xobeh
Okawaru
Qazlal
Ru
Sif Muna
Trog
Uskayaw
Vehumet
Wu Jian
Xom
Yredelemnul
Zin
The Shining One
Beogh
Jiyva

Shops:
D:3 !   D:4 ?=:*(   D:7 ![[*[*   Orc:1 !   Orc:2 ?(!(   Snake:1 !

Annotations:
D:3 2 runed translucent doors, experimilk's ghost, amateur PaFi
D:4 2 runed translucent doors, Crazy Yiuf; qwertyui's ghost, amateur GrFi
D:7 1 transporter, indyram44's ghost, novice GrFi
D:10 exclusion: orange crystal statue
Lair:3 2 transporters


Innate Abilities, Weirdness & Mutations

You are dopey. (Int -2)


Message History

The mana viper bites you but does no damage.
You slice the mana viper!! You burn the mana viper.
You kill the mana viper!
The naga warrior roars a battlecry!
The naga warrior goes into a battle-frenzy!
Unknown command.
A naga warrior comes into view. It is wielding a +0 halberd.
The naga warrior shouts!
You hear an angry hiss.
A shock serpent comes into view.
You hear an angry hiss.
The shock serpent shoots out a bolt of lightning at you!
The bolt of electricity hits you!
Things that are here:
a +0 war axe; a +0 arbalest The shock serpent attacks as you move away!
You block the shock serpent's attack.
The shock serpent bites you but does no damage.
You feel yourself speed up.
The shock serpent shoots out a bolt of lightning at you!
The bolt of electricity hits you!
* * * LOW HITPOINT WARNING * * *
You see here a +0 flail.
The shock serpent shoots out a bolt of lightning at you!
The bolt of electricity hits you!!
* * * LOW HITPOINT WARNING * * *
You see here a +0 flail.
You see here a +0 club.
Things that are here:
a +0 robe; a +0 long sword of protection; a +0 shortbow The shock serpent shoots out a bolt of lightning at you!
The bolt of electricity misses you.
You feel much better.
The shock serpent shoots out a bolt of lightning at you!
The bolt of electricity hits you!
* * * LOW HITPOINT WARNING * * *
Things that are here:
a +0 short sword; a +0 trident The shock serpent shoots out a bolt of lightning at you!
The bolt of electricity hits you!!
You die...

...##...##.##.##.##.##.####
# ..###...##.##.##.##.##.#
..###...##.##....##.##)#
..............##.##.##)#
...........##).......).#
##########.##.##.####[##
#(##.#.....S..######## .
#..))..).............#..
#....#.@)..)............
#######.................
##................
##.....########.. #######


You could see a shock serpent.

Vanquished Creatures
  Gastronok (Lair:3)
  2 orc warlords (Orc:2)
  An ettin (Orc:2)
  A boulder beetle (Lair:6)
  Fannar (Lair:2)
  2 hydras
  2 catoblepae
  2 anacondas (Snake:1)
  4 two-headed ogres
  5 naga warriors (Snake:1)
  3 naga sharpshooters
  4 orc high priests (Orc:2)
  A goliath frog (Lair:6)
  2 naga ritualists (Snake:1)
  4 orc knights (Orc:2)
  An oklob plant (Lair:6)
  An ugly thing (D:11)
  2 salamanders (Snake:1)
  3 mana vipers (Snake:1)
  A cyclops (Orc:2)
  3 orc sorcerers (Orc:2)
  A guardian serpent (Lair:4)
  Maurice (D:10)
  A merfolk siren (Lair:2)
  18 black mambas
  3 naga magi (Snake:1)
  14 elephants
  A gargoyle (D:7)
  20 cane toads
  Joseph (D:10)
  A torpor snail (Lair:2)
  Psyche (D:10)
  4 rime drakes
  10 komodo dragons
  An unseen horror (D:11)
  A spectral naga (Snake:1)
  A polar bear (Lair:6)
  6 trolls
  A queen bee (Lair:2)
  4 tyrant leeches (Lair:6)
  Grinder (D:3)
  25 blink frogs
  5 dream sheep (Lair:4)
  2 vampires
  3 shadows
  3 basilisks
  3 wyverns
  Eustachio (D:5)
  50 yaks
  5 vampire mosquitoes
  Edmund (D:5)
  8 nagas (Snake:1)
  3 steam dragons
  3 wargs
  3 acid dragons
  19 water moccasins
  40 orc warriors
  2 sky beasts (D:8)
  An ice beast (D:6)
  3 black bears (D:5)
  12 ogres
  10 centaurs
  5 wolves (Lair:4)
  A phantom (D:9)
  11 bullfrogs
  3 necrophages
  A gnoll sergeant (D:7)
  3 scorpions
  4 water moccasin zombies (Ossuary)
  10 wights
  28 killer bees
  8 howler monkeys
  2 electric eels
  A jelly (D:7)
  4 hounds
  27 orc priests
  Ijyb (D:5)
  An iguana (D:5)
  22 orc wizards
  8 ogre zombies (D:9)
  3 mummies
  8 gnolls
  6 adders
  A white imp (D:7)
  5 adder zombies (Ossuary)
  4 worms (D:2)
  3 dart slugs
  78 orcs
  5 bats
  8 endoplasms
  A giant cockroach (D:1)
  6 gnoll zombies (Ossuary)
  3 goblins
  5 hobgoblins
  6 jackals
  5 kobolds
  2 quokkas
  5 ball pythons
  2 goblin skeletons (D:9)
  3 goblin zombies
  7 hobgoblin zombies
  4 kobold zombies (Ossuary)
  3 orc skeletons (D:9)
  20 orc zombies
  6 rats
678 creatures vanquished.

Vanquished Creatures (collateral kills)
  A hydra (Lair:5)
  A meliai (shapeshifter) (D:11)
  An orc (Orc:2)
3 creatures vanquished.

Vanquished Creatures (others)
  A kobold demonologist (D:11)
  A bush (Snake:1)
  32 fungi
  101 plants
135 creatures vanquished.

Grand Total: 816 creatures vanquished

Notes
Turn   | Place    | Note
-------+----------+-------------------------------------------
     0 | D:1      | diecastcamel the Human Fighter began the quest for the Orb.
     0 | D:1      | Reached XP level 1. HP: 18/18 MP: 1/1
   294 | D:1      | Reached XP level 2. HP: 24/24 MP: 2/2
   646 | D:1      | Reached XP level 3. HP: 24/29 MP: 3/3
   944 | D:2      | Reached skill level 1 in Dodging
  1163 | D:2      | Upgraded the game from 0.29-a0-322-g68df515428 to
                  | 0.29-a0-334-gb41bcbb86e
  1258 | D:2      | Found a faded altar of an unknown god.
  1383 | D:2      | Reached skill level 3 in Axes
  1383 | D:2      | Reached XP level 4. HP: 32/35 MP: 4/4
  1462 | D:2      | Noticed a scorpion
  1471 | D:2      | Killed a scorpion
  1472 | D:2      | Reached XP level 5. HP: 35/41 MP: 5/5
  2705 | D:3      | Reached XP level 6. HP: 48/48 MP: 6/6
  2992 | D:3      | Found a large runed translucent door.
  2992 | D:3      | Found a large runed translucent door.
  3001 | D:3      | Noticed experimilk's ghost (amateur PaFi)
  3012 | D:3      | Reached skill level 4 in Axes
  3051 | D:3      | Noticed Grinder
  3077 | D:3      | Killed Grinder
  3078 | D:3      | Reached XP level 7. HP: 54/54 MP: 7/7
  3179 | D:3      | Found Tathrit's Distillery.
  3538 | D:3      | Bought a potion of curing for 30 gold pieces
  3538 | D:3      | Bought a potion of heal wounds for 50 gold pieces
  3591 | D:4      | Found Luaxisch's Weapon Emporium.
  3599 | D:4      | Reached skill level 5 in Axes
  3703 | D:4      | Found a staircase to the Ecumenical Temple.
  3708 | Temple   | Entered the Ecumenical Temple
  3763 | Temple   | Became a worshipper of the Shining One
  3785 | D:4      | Found a burning altar of Makhleb.
  3845 | D:4      | Found a sand-covered staircase.
  3851 | Ossuary  | Entered an ossuary
  3887 | Ossuary  | Reached * piety under the Shining One
  3955 | Ossuary  | Reached ** piety under the Shining One
  4110 | Ossuary  | Reached XP level 8. HP: 61/61 MP: 5/8
  4137 | Ossuary  | Reached skill level 5 in Fighting
  4139 | Ossuary  | Reached skill level 6 in Axes
  4139 | Ossuary  | Reached skill level 5 in Armour
  4248 | D:4      | You fall into a shaft and drop 1 floor!
  4248 | D:5      | Entered Level 5 of the Dungeon
  4338 | D:5      | Noticed Edmund
  4338 | D:5      | Reached *** piety under the Shining One
  4403 | D:4      | Found Ybeleygu's Magic Scroll Shop.
  4419 | D:4      | Found a runed translucent door.
  4474 | D:4      | Found Poestoje's Book Boutique.
  4524 | D:4      | Found Suucup's CLEARANCE SALE!.
  4541 | D:4      | Found Xujet's Jewellery Emporium.
  4677 | D:4      | Found a runed translucent door.
  4678 | D:4      | Noticed Crazy Yiuf
  4703 | D:4      | Noticed qwertyui's ghost (amateur GrFi)
  4719 | D:5      | Upgraded the game from 0.29-a0-334-gb41bcbb86e to
                  | 0.29-a0-338-g1ff7896281
  4785 | D:5      | Noticed Eustachio
  4950 | D:5      | Killed Eustachio
  5347 | D:5      | Noticed Ijyb
  5350 | D:5      | Paralysed by Ijyb for 6 turns
  5357 | D:5      | Reached skill level 7 in Axes
  5615 | D:5      | Reached XP level 9. HP: 61/69 MP: 9/9
  5776 | D:5      | Killed Edmund
  5879 | D:5      | Killed Ijyb
  6287 | D:6      | Identified the +6 rapier of the Vine {holy, Int+4 Dex+4}
  6501 | D:6      | Reached skill level 8 in Axes
  6550 | D:6      | Found a stormy altar of Qazlal.
  6616 | D:6      | Found an iron altar of Okawaru.
  6702 | D:6      | Found a sparkling altar of Nemelex Xobeh.
  7007 | D:7      | Identified the +7 dire flail "Spider's Undoing" {vorpal,
                  | rC+}
  7007 | D:7      | Noticed a two-headed ogre
  7008 | D:7      | Noticed indyram44's ghost (novice GrFi)
  7009 | D:7      | Found a transporter.
  7010 | D:7      | Noticed a gargoyle
  7121 | D:7      | Killed a gargoyle
  7283 | D:6      | Reached XP level 10. HP: 59/77 MP: 10/10
  7610 | D:7      | Reached skill level 5 in Dodging
  7679 | D:7      | Reached skill level 9 in Axes
  7955 | D:7      | Found Cuapucelo's General Store.
  7956 | D:7      | Found Lukoenosi's Antique Armour Emporium.
  7957 | D:7      | Found Janomoa's Distillery.
  7957 | D:7      | Found Kacureun's Antique Armour Boutique.
  7958 | D:7      | Found Aqiobruo's Armour Shop.
  7958 | D:7      | Found Gynonuw's General Store.
  8329 | D:8      | Reached **** piety under the Shining One
  8826 | D:8      | Found a blossoming altar of Fedhas.
  9418 | D:9      | Reached skill level 1 in Evocations
  9424 | D:9      | Found a staircase to the Orcish Mines.
  9424 | D:9      | Reached ***** piety under the Shining One
  9483 | D:9      | Reached skill level 10 in Axes
  9691 | D:8      | Reached XP level 11. HP: 86/86 MP: 11/11
  9789 | D:9      | Upgraded the game from 0.29-a0-338-g1ff7896281 to
                  | 0.29-a0-340-g6efceafd81
 10819 | D:10     | Entered Level 10 of the Dungeon
 10885 | D:10     | Noticed Maurice
 10897 | D:10     | Killed Maurice
 11004 | D:10     | Identified the +6 trident of the Trees {flame, rN+}
 11044 | D:10     | Noticed an orange crystal statue
 11300 | D:10     | Found an ornate altar of the Wu Jian Council.
 11388 | D:10     | Noticed Joseph
 11397 | D:10     | Killed Joseph
 11523 | D:10     | Noticed Psyche
 11527 | D:10     | Killed Psyche
 11677 | D:10     | Noticed a two-headed ogre
 11948 | D:10     | Identified the +1 robe "Sacafem" {+Blink Int+5}
 11980 | D:10     | Killed a two-headed ogre
 12063 | D:10     | Identified the +2 pair of boots of Pragmatism {Dex+3}
 12328 | D:10     | Found an ancient bone altar of Kikubaaqudgha.
 12338 | D:10     | Found a radiant altar of Vehumet.
 12389 | D:10     | Found a shimmering blue altar of Sif Muna.
 12755 | D:10     | Found a sacrificial altar of Ru.
 13700 | D:11     | Found a gate leading to a gauntlet.
 13792 | D:11     | Noticed a red ugly thing
 13794 | D:11     | Reached XP level 12. HP: 85/94 MP: 12/12
 13950 | D:11     | Reached skill level 11 in Axes
 14109 | D:11     | Found a staircase to the Lair.
 14572 | D:11     | Reached ****** piety under the Shining One
 14580 | D:11     | Reached skill level 5 in Evocations
 14593 | D:11     | Noticed a two-headed ogre
 14600 | D:11     | Killed a two-headed ogre
 14888 | Lair:1   | Entered Level 1 of the Lair of Beasts
 15051 | D:7      | Bought a runed plate armour for 598 gold pieces
 15758 | Lair:1   | Got Dakhlaori's Disquisition on the Volcanoes
 15770 | Lair:1   | Found a glowing silver altar of Zin.
 17001 | Lair:2   | Noticed Fannar
 17157 | Lair:2   | Noticed a catoblepas
 17189 | Lair:1   | Killed a catoblepas
 17355 | Lair:2   | Noticed a seven-headed hydra
 17368 | Lair:1   | Killed a seven-headed hydra
 17905 | Lair:2   | Killed Fannar
 18213 | Lair:2   | Reached skill level 10 in Fighting
 18213 | Lair:2   | Reached skill level 10 in Armour
 18462 | Lair:2   | Reached XP level 13. HP: 96/103 MP: 13/13
 18524 | Lair:2   | Reached skill level 12 in Axes
 18862 | Lair:2   | Found a staircase to the Shoals.
 19389 | Lair:3   | Noticed Gastronok
 19818 | Lair:3   | Noticed a six-headed hydra
 19829 | Lair:3   | Killed a six-headed hydra
 20036 | Lair:3   | Found a transporter.
 20063 | Lair:3   | Found the ring of the Octopus King
 20085 | Lair:3   | Identified a ring of the Octopus King {rC+ AC+1 EV+1 Str+1
                  | Int+1 Dex+1}
 20252 | Lair:3   | Killed Gastronok
 20782 | Lair:3   | Reached skill level 13 in Axes
 20964 | Lair:3   | Found a transporter.
 21023 | Lair:4   | Found a staircase to the Snake Pit.
 21531 | Lair:4   | Noticed a catoblepas
 21559 | Lair:4   | Killed a catoblepas
 21738 | Lair:4   | Reached skill level 10 in Dodging
 22318 | Lair:5   | Noticed a six-headed hydra
 22326 | Lair:5   | Killed a six-headed hydra
 22377 | Lair:5   | Reached XP level 14. HP: 94/113 MP: 14/14
 22868 | Lair:5   | Found a staircase to the Slime Pits.
 22868 | Lair:5   | Found a viscous altar of Jiyva.
 23474 | Lair:6   | Entered Level 6 of the Lair of Beasts
 23548 | Lair:6   | Reached skill level 14 in Axes
 23721 | Lair:6   | Identified a scroll of acquirement
 23721 | Lair:6   | Acquired a manual of Armour
 25304 | Lair:6   | Reached XP level 15. HP: 107/120 MP: 15/15
 26128 | Lair:6   | Upgraded the game from 0.29-a0-340-g6efceafd81 to
                  | 0.29-a0-341-g24ffce5b50
 26161 | Snake:1  | Entered Level 1 of the Snake Pit
 26625 | Orc:1    | Entered Level 1 of the Orcish Mines
 26657 | Orc:1    | Found Piro's Distillery.
 27149 | Orc:2    | Entered Level 2 of the Orcish Mines
 28500 | Orc:2    | Found Zist's Antique Weapon Boutique.
 28511 | Orc:2    | Found Suxkeil's Distillery.
 29078 | Orc:2    | Found a staircase to the Elven Halls.
 29174 | Orc:2    | Paralysed by an orc sorcerer for 7 turns
 29185 | Orc:2    | Gained mutation: You are dopey. (Int -2) [a neqoxec]
 29187 | Orc:2    | Reached skill level 15 in Axes
 29378 | Orc:2    | Noticed an orc warlord
 29395 | Orc:2    | Killed an orc warlord
 29786 | Orc:2    | Noticed an orc warlord
 29838 | Orc:2    | Killed an orc warlord
 30286 | Orc:2    | Found Kodurgh Idull's Weapon Emporium.
 30530 | Orc:2    | Found Olouver's Magic Scroll Boutique.
 30857 | Orc:2    | Bought a scroll of enchant armour for 112 gold pieces
 30857 | Orc:2    | Bought a scroll of blinking for 112 gold pieces
 30857 | Orc:2    | Bought 3 scrolls of fear for 157 gold pieces
 31332 | Snake:1  | Found Ryfekuoq's Distillery.
 31744 | Snake:1  | Reached XP level 16. HP: 116/129 MP: 16/16
 31770 | Snake:1  | HP: 5/129 [naga mage/bolt of poison (16)]
 32126 | Snake:1  | Reached skill level 5 in Shields
 32776 | Snake:1  | HP: 4/130 [shock serpent/bolt of electricity (30)]
 32784 | Snake:1  | Killed from afar by a shock serpent

Illustrated notes

Levels and vault maps discovered:
D:1:      lemuel_arrival_rhombus, layout_loops_cross
D:2:      minmay_evil_eye, layout_basic, hellmonk_ecumenical_altar_run_dry,
          kennysheep_generic_room_14
D:3:      layout_loops_cross, serial_shops, shop_statue,
          ebering_ghost_disaster_area, minivault_19, uniq_grinder
D:4:      layout_rooms, bloody_makhleb, minmay_temple_entry_ruins, serial_shops,
          nicolae_shop_waterfront, kennysheep_little_box,
          nicolae_shop_hallway_plus, nicolae_shop_waterfront,
          nicolae_ossuary_entry_giza, ebering_ghost_sewer_d, dk_noncrumbling_4,
          nicolae_shop_clearance, uniq_crazy_yiuf_cottage
D:5:      layout_basic, nrook_mini_backslash, uniq_edmund, uniq_eustachio,
          uniq_ijyb
D:6:      layout_cave_pools, kennysheep_mini_moat, okawaru_altar_gauntlet_db,
          nicolae_qazlal_eye_of_the_storm, serial_column_ruins,
          column_ruins_open_tiny, column_ruins_grid_1, column_ruins_grid_2,
          column_ruins_grid_1, column_ruins_open_small
D:7:      layout_rooms, gammafunk_ghost_smash, nicolae_wooded_promenade,
          minivault_1, hangedman_decor_growths, kennysheep_generic_room_8
D:8:      layout_loops_ring, fedhas_altar_4
D:9:      layout_loops_ring, zombieorc2_lemuel
D:10:     layout_loops_corners, palyth_temple_overflow_mages,
          lemuel_coloured_pillars_altar, mainiacjoe_overflow_cross_hatched,
          minmay_protected_statue, uniq_maurice, uniq_joseph, uniq_psyche
D:11:     layout_loops_ring, lair_entry_dummy, gauntlet_entry_generic
Temple:   nicolae_temple_x_marks_the_god
Lair:1:   layout_layer_cave, basic_altar, minivault_23, lemuel_fruit_fields,
          serial_bayou_shore_a, serial_bayou_shore_b
Lair:2:   layout_small_grid, minmay_shoals_entry_lonely_mermaid, special_room
          [special_room_bee], chequers_serial_rivers_micro_a,
          grunt_forest_stairs_basic, serial_bayou_shore_b, lemuel_fruit_tree,
          uniq_fannar
Lair:3:   gammafunk_worm_tunnel, layout_hall_layers, grunt_megastairs_3,
          infiniplex_staircase_pool, uniq_gastronok
Lair:4:   layout_cave_pods, dummy_snake_entry
Lair:5:   layout_roguey, slime_altar_1, beast_lair_carwin_4
Lair:6:   minmay_lair_end_frog_pond, layout_cellular_growth,
          infiniplex_staircase_pool_2
Snake:1:  layout_gridlike, basic_altar, serial_shops, shop, grunt_ministairs_15,
          nicolae_snake_ghostly_warrior_ritual, serial_bayou_shore_b,
          minmay_shop_grove
Orc:1:    layout_diamond_mine, serial_shops, nicolae_shop_stone
Orc:2:    pubby_orc_utopia

Skill      XL: |  1  2  3  4  5  6  7  8  9 10 11 12 13 14 15 16 |
---------------+-------------------------------------------------+-----
Dodging        | 1 2 3 4 6 7 9 10 11 | 11.9
Axes           | 3 4 5 7 8 10 11 13 14 15 | 15.3
Fighting       | 4 5 6 7 8 10 11 12 13 | 13.0
Armour         | 4 5 6 7 8 10 11 12 14 | 14.3
Evocations     | 1 4 5 6 7 |  7.9
Shields        | 4 6 |  6.6

Action                   |  1- 3 |  4- 6 |  7- 9 | 10-12 | 13-15 | 16-18 || total
-------------------------+-------+-------+-------+-------+-------+-------++-------
Melee: War axe           |    78 |    60 |   304 |    43 |  1117 |       ||  1602
       Trident           |       |       |       |   706 |   316 |       ||  1022
       Broad axe         |       |       |       |       |    48 |    81 ||   129
Throw: Boomerang         |    21 |    12 |    10 |    10 |     6 |       ||    59
       Dart              |       |       |     1 |       |       |       ||     1
Invok: Divine Shield     |       |       |     1 |       |       |       ||     1
Evoke: Wand              |       |     3 |     2 |     7 |    10 |       ||    22
       Phantom mirror    |       |       |       |     1 |     2 |       ||     3
       Tin of tremorston |       |       |       |       |     2 |     1 ||     3
  Use: Scroll            |     1 |     5 |     6 |    11 |    17 |     1 ||    41
       Potion            |       |     1 |       |     2 |     3 |     5 ||    11
Armor: Scale mail        |    42 |    34 |    67 |       |       |       ||   143
       Chain mail        |       |       |    15 |    15 |       |       ||    30
       Plate armour      |       |       |       |   287 |   433 |    49 ||   769
Dodge: Dodged            |    41 |    25 |   113 |   213 |   495 |    24 ||   911
Block: Buckler           |    16 |    17 |   123 |   278 |   616 |       ||  1050
       Reflection        |       |       |    13 |     9 |    27 |     9 ||    58
       Tower shield      |       |       |       |       |   141 |   125 ||   266

Table legend: (Time is in decaauts)
 A = Elapsed time spent in this place.
 B = Non-inter-level travel time spent in this place.
 C = Inter-level travel time spent in this place.
 D = Time resting spent in this place.
 E = Time spent auto-exploring this place.
 F = Levels seen in this place.
 G = Mean time per level.
                   A        B        C        D        E       F      G
               +--------+--------+--------+--------+--------+-----+--------+
         Total |  32917 |  29774 |   3143 |   8600 |  13658 |  22 | 1496.2 |
       Dungeon |  15563 |  13491 |   2072 |   3724 |   6648 |  11 | 1414.8 |
        Temple |     59 |     52 |      7 |      0 |     46 |   1 |   59.0 |
          Lair |  11217 |  10474 |    743 |   2967 |   5042 |   6 | 1869.5 |
     Snake Pit |   1352 |   1350 |      2 |    419 |    360 |   1 | 1352.0 |
  Orcish Mines |   4376 |   4058 |    318 |   1390 |   1481 |   2 | 2188.0 |
       Ossuary |    347 |    347 |      0 |     99 |     81 |   1 |  347.0 |
               +--------+--------+--------+--------+--------+-----+--------+

Top non-repeatable levels by time:
   Orc:2: 3716 daAuts
    D:10: 2666 daAuts
  Lair:1: 2248 daAuts
  Lair:6: 2200 daAuts
     D:9: 2188 daAuts
  Lair:2: 2045 daAuts
    D:11: 1770 daAuts
  Lair:4: 1766 daAuts
     D:2: 1672 daAuts
  Lair:5: 1584 daAuts
  Lair:3: 1372 daAuts
 Snake:1: 1352 daAuts
     D:5: 1329 daAuts
     D:7: 1185 daAuts
     D:3: 1039 daAuts
